 Dungeon Crawl Stone Soup version 0.30.1-9-gdf580d7c3d (webtiles) character file.

Game seed: 15322696169780211729

213 adizb the Chopper (level 5, 0/47 HPs)
             Began as a Minotaur Berserker on Sept 30, 2023.
             Was a Priest of Trog.
             Slain by a sleepcap (14 damage)
             ... on level 6 of the Dungeon.
             The game lasted 00:10:00 (2470 turns).

adizb the Chopper (Minotaur Berserker)              Turns: 2470, Time: 00:10:00

Health: 0/47       AC:  6    Str: 23    XL:     5   Next: 59%
Magic:  4/4        EV:  2    Int:  4    God:    Trog [***...]
Gold:   147        SH:  0    Dex: 10    Spells: 4/4 levels left

rFire   . . .        g - +5 club
rCold   . . .        (no shield)
rNeg    . . .        e - +1 ring mail
rPois   +            (helmet restricted)
rElec   .            (no cloak)
rCorr   .            (no gloves)
SInv    .            (no boots)
Will    .....        (no amulet) Stlth
                     b - ring of poison resistance
HPRegen 0.27/turn    (no ring)
MPRegen 0.09/turn

%: no passive effects
@: sleeping
A: horns 2, retaliatory headbutt
a: Renounce Religion, Berserk, Trog's Hand


You were on level 6 of the Dungeon.
You worshipped Trog.
Trog was most pleased with you.
You visited 1 branch of the dungeon, and saw 5 of its levels.

You collected 147 gold pieces.

Inventory:

Hand Weapons
 a - a +0 hand axe
 g - a +5 club (weapon)
Missiles
 c - 6 curare-tipped darts (quivered)
 j - a throwing net
 k - 3 datura-tipped darts
Armour
 e - a +1 ring mail (worn)
Jewellery
 b - a ring of poison resistance (left hand)
 h - a ring of see invisible
Wands
 f - a wand of flame (4)
Scrolls
 l - a scroll of teleportation
 m - a scroll of noise {unknown}
 n - a scroll of fear {unknown}
 o - a scroll of amnesia {unknown}
 p - a scroll of identify {unknown}
Potions
 d - a potion of curing {unknown}
 i - 2 potions of brilliance {unknown}


   Skills:
 + Level 4.9 Fighting
 * Level 6.0 Axes
 + Level 4.0 Armour
 - Level 2.1 Dodging


You had 4 spell levels left.
You didn't know any spells.
Your spell library was empty.

Dungeon Overview and Level Annotations

Branches:
Dungeon (4/15)
 Temple: D:4-7

Altars:
Elyvilon
Fedhas
Makhleb
Okawaru
Sif Muna
Wu Jian

Shops:
D:3 (*([[


Innate Abilities, Weirdness & Mutations

You have a pair of horns on your head.
You reflexively headbutt those who attack you in melee.


Message History

You kill the kobold!
Trog accepts your kill.
You feel sick. The endoplasm hits you.
You sock the endoplasm!
You kill the endoplasm!
Trog accepts your kill.
You feel sick. The worm barely misses you.
You hit the worm but do no damage.
The worm is severely wounded.
You feel sick.
You are no longer poisoned.
The worm bites you but does no damage.
You hit the worm but do no damage. Your headbutt misses the worm.
The worm is heavily wounded.
You sock the worm!
You kill the worm!
Trog accepts your kill.
Things that are here:
a +2 dagger of venom; a stone A giant cockroach comes into view.
You are too injured to fight recklessly!
You are too injured to fight recklessly!
A hobgoblin, a hound and a ball python come into view.
Found a blossoming altar of Fedhas.
A sourceless malevolence fills the Dungeon...
You fall into a shaft and drop 2 floors!
The shaft crumbles and collapses.
Found a scroll labelled SOVOZU MUSM.
A sleepcap comes into view.
Found 5 gold pieces.
You see here a scroll labelled SOVOZU MUSM.
p - a scroll labelled SOVOZU MUSM You thump the sleepcap!
The sleepcap is moderately damaged.
The sleepcap releases spores at you.
* * * LOW HITPOINT WARNING * * *
You are engulfed in a cloud of soporific spores!
You fall asleep.
The sleepcap releases spores at you!
You die...

##### .....
....$.
.....######
#......#
#f@...#
#######


You could see a sleepcap.

Vanquished Creatures
  A hound (D:4)
  Jessica (D:2)
  Robin (D:2)
  2 adders
  3 worms
  2 dart slugs
  10 orcs
  6 ball pythons
  5 endoplasms
  3 giant cockroaches
  21 goblins
  13 hobgoblins
  6 quokkas
  3 bats
  7 frilled lizards
  6 kobolds
  10 rats
100 creatures vanquished.

Notes
Turn   | Place    | Note
-------+----------+-------------------------------------------
     0 | D:1      | adizb the Minotaur Berserker began the quest for the Orb.
     0 | D:1      | Reached XP level 1. HP: 19/19 MP: 0/0
    97 | D:1      | Reached skill level 4 in Axes
   102 | D:1      | Reached XP level 2. HP: 24/27 MP: 1/1
   887 | D:2      | Found a shimmering blue altar of Sif Muna.
   894 | D:2      | Reached ** piety under Trog
   905 | D:2      | Reached XP level 3. HP: 33/33 MP: 2/2
  1019 | D:2      | Noticed Robin
  1030 | D:2      | Killed Robin
  1031 | D:2      | Reached XP level 4. HP: 40/40 MP: 3/3
  1081 | D:2      | Reached skill level 5 in Axes
  1089 | D:2      | Noticed Jessica
  1100 | D:2      | Killed Jessica
  1420 | D:3      | Found Erual's Weapon Shoppe.
  1511 | D:3      | Reached *** piety under Trog
  1730 | D:3      | Found Iriusm's Antique Armour Shoppe.
  1789 | D:3      | Found Yfosig's Weapon Shop.
  1800 | D:3      | Reached XP level 5. HP: 37/47 MP: 4/4
  1809 | D:3      | Found Dan Mumu's Antique Armour Shop.
  1872 | D:3      | Found Suaroal's General Store.
  2297 | D:4      | Found an iron altar of Okawaru.
  2297 | D:4      | Found a burning altar of Makhleb.
  2306 | D:4      | Found an ornate altar of the Wu Jian Council.
  2316 | D:4      | Found a white marble altar of Elyvilon.
  2318 | D:4      | Found a faded altar of an unknown god.
  2446 | D:4      | Reached skill level 6 in Axes
  2464 | D:4      | Found a blossoming altar of Fedhas.
  2464 | D:4      | You fall into a shaft and drop 2 floors!
  2470 | D:6      | Slain by a sleepcap

Illustrated notes

Levels and vault maps discovered:
D:1:      minmay_arrival_open_corners, layout_basic
D:2:      layout_rooms, basic_altar, eino_tiny_chamber, minmay_goblin_outpost,
          uniq_jessica, uniq_robin
D:3:      layout_loops_corners, serial_shops, shop, shop, shop,
          nicolae_shop_behind_doors, nicolae_shop_statue_plus,
          kennysheep_generic_room_10
D:4:      layout_basic, chequers_temple_overflow_minitemple, serial_curves,
          eino_curves_04, eino_curves_03, minmay_ruined_shrine
D:6:      layout_rooms, minmay_temple_entry_drinking_statues, uniq_grinder,
          uniq_duvessa

Skill      XL: |  1  2  3  4  5 |
---------------+----------------+-----
Axes           | 4 5 6 |  6.0
Fighting       | 4 |  4.9
Armour         | 3 4 |  4.0
Dodging        | |  2.1

Action                     |  1- 3 |  4- 6 || total
---------------------------+-------+-------++-------
  Melee: Hand axe          |    79 |     9 ||    88
         Headbutt          |    14 |    13 ||    27
         Club              |       |   114 ||   114
         Punch             |       |     2 ||     2
 Invoke: Berserk           |     1 |       ||     1
    Use: Scroll            |     3 |     1 ||     4
 Armour: Animal skin       |    10 |       ||    10
         Ring mail         |    14 |    53 ||    67
  Dodge: Dodged            |    48 |    73 ||   121
